 Dungeon Crawl Stone Soup version 0.26-a0-639-g72c4674329 (webtiles) character file.

Game seed: 14466972366852771076

933 Peloso the Slasher (level 7, -2/55 HPs)
             Began as a Demonspawn Fighter on Sept 18, 2020.
             Was a Follower of Okawaru.
             Slain by a human zombie (3 damage)
             ... in an ossuary.
             The game lasted 00:11:48 (5823 turns).

Peloso the Slasher (Demonspawn Fighter)             Turns: 5823, Time: 00:11:49

Health: -2/55      AC: 17    Str: 18    XL:     7   Next: 86%
Magic:  4/7        EV:  7    Int: 10    God:    Okawaru [*.....]
Gold:   212        SH: 11    Dex: 12    Spells: 6/6 levels left

rFire    + . .     SeeInvis .   a - +0 long sword
rCold    x . .     Faith    .   c - +0 kite shield
rNeg     . . .     Spirit   .   w - +0 plate armour
rPois    .         Reflect  .   (no helmet)
rElec    .         Harm     .   (no cloak)
rCorr    .         Rampage  .   o - +0 pair of gloves
MR       .....                  (no boots)
Stlth    ..........             (no amulet)
HPRegen  0.18/turn              f - ring of fire
MPRegen  0.10/turn              g - ring of stealth

@: mighty, heroism, berserk cooldown, slowed, very slow
A: claws 2, iridescent scales 1
a: Heroism, Renounce Religion


You were in an ossuary.
You worshipped Okawaru.
Okawaru was aware of your devotion.
You visited 2 branches of the dungeon, and saw 7 of its levels.
You also visited: Ossuary.

You collected 212 gold pieces.

Inventory:

Hand Weapons
 a - a +0 long sword (weapon)
 b - a +0 vampiric war axe
Missiles
 u - 12 bolts
Armour
 c - a +0 kite shield (worn)
 j - a +0 scale mail
 o - a +0 pair of gloves (worn)
 w - a +0 plate armour (worn)
Jewellery
 f - a ring of fire (left hand)
 g - a ring of stealth (right hand)
Wands
 t - a wand of polymorph (9)
 v - a wand of enslavement (10)
Scrolls
 e - 3 scrolls of teleportation {unknown}
 h - a scroll of noise {unknown}
 i - 4 scrolls of identify
 k - 3 scrolls of immolation {unknown}
 l - a scroll of remove curse
 m - a scroll of fear
 p - a scroll of amnesia
 r - a scroll of enchant weapon
Potions
 d - a potion of might
 s - a potion of resistance


   Skills:
 + Level 4.4(9.4) Fighting
 + Level 5.1(10.1) Long Blades
 + Level 4.4(9.4) Armour
 + Level 1.9(6.9) Dodging
 + Level 0.7(5.7) Stealth
 + Level 4.7(9.7) Shields


You had 6 spell levels left.
You didn't know any spells.
Your spell library was empty.

Dungeon Overview and Level Annotations

Branches:
Dungeon (6/15)             Temple (1/1) D:4         Ossuary (1/1)

Altars:
Ashenzari
Cheibriados
Dithmenos
Fedhas
Gozag
Hepliaklqana
Kikubaaqudgha
Makhleb
Okawaru
Qazlal
Ru
Sif Muna
Uskayaw
Vehumet
Wu Jian
Zin

Annotations:
D:4 Menkaure


Innate Abilities, Weirdness & Mutations

You have very sharp fingernails.
You are partially covered in iridescent scales. (AC +2)


Message History

Okay, then.
You gain the combat prowess of a mighty hero.
The adder zombie bites you but does no damage.
The jackal zombie bites you but does no damage.
The elf zombie hits you but does no damage.
The human zombie hits you.
* * * LOW HITPOINT WARNING * * *
You block the rat zombie's attack.
The rat zombie bites you but does no damage.
The adder zombie bites you but does no damage.
You feel very mighty all of a sudden.
The jackal zombie bites you but does no damage.
The elf zombie completely misses you. You block the human zombie's attack.
The rat zombie bites you.
* * * LOW HITPOINT WARNING * * *
The rat zombie bites you but does no damage.
The adder zombie bites you but does no damage.
The jackal zombie bites you but does no damage.
The elf zombie barely misses you. The human zombie hits you.
You die...

...............
...............
...............
...............
...............
...............
.......Z.......
......ZZZ......
.....ZZ@.......
......Z.Z......
...............
...............
...............
...............
...............
.....#####.....


You could see an adder zombie, 3 rat zombies, a jackal zombie, a big kobold
zombie, an elf zombie and a human zombie.

Vanquished Creatures
  A water moccasin (D:4)
  An orc warrior (D:6)
  An ogre (D:4)
  A phantom (D:5)
  2 scorpions (D:5)
  2 jellies
  A bullfrog zombie (D:5)
  A hound (D:6)
  2 orc wizards
  An iguana (D:5)
  2 worker ants
  2 hound zombies (Ossuary)
  A hound skeleton (D:5)
  3 gnolls (D:5)
  2 adders (D:3)
  2 oozes
  2 adder zombies
  2 adder skeletons (D:4)
  5 worms
  A dart slug (D:3)
  5 leopard geckos
  11 orcs
  4 bats
  5 giant cockroaches
  7 goblins
  5 hobgoblins
  13 jackals
  3 quokkas
  4 frilled lizards
  A goblin zombie (D:6)
  A jackal zombie (Ossuary)
  7 kobolds
  A leopard gecko skeleton (D:4)
  A quokka zombie (D:6)
  5 rats
108 creatures vanquished.

Notes
Turn   | Place    | Note
-------+----------+-------------------------------------------
     0 | D:1      | Peloso the Demonspawn Fighter began the quest for the Orb.
     0 | D:1      | Reached XP level 1. HP: 18/18 MP: 1/1
   294 | D:1      | Gained mutation: You have sharp fingernails. [demonic
                  | ancestry]
   294 | D:1      | Reached XP level 2. HP: 17/24 MP: 2/2
   469 | D:1      | Reached skill level 2 in Long Blades
   993 | D:2      | Gained mutation: You are partially covered in iridescent
                  | scales. (AC +2) [demonic ancestry]
   993 | D:2      | Reached XP level 3. HP: 26/29 MP: 3/3
  1958 | D:3      | Reached XP level 4. HP: 4/35 MP: 4/4
  2417 | D:3      | Found a burning altar of Makhleb.
  2423 | D:3      | Found a glowing silver altar of Zin.
  2423 | D:3      | Noticed an angel
  2424 | D:3      | Noticed a green death
  3259 | D:4      | Found a staircase to the Ecumenical Temple.
  3305 | Temple   | Entered the Ecumenical Temple
  3349 | Temple   | Became a worshipper of Warmaster Okawaru
  3393 | D:4      | Noticed a water moccasin
  3404 | D:4      | Killed a water moccasin
  3404 | D:4      | Reached skill level 3 in Long Blades
  3404 | D:4      | Reached XP level 5. HP: 11/42 MP: 5/5
  3729 | D:4      | Noticed an ogre
  3741 | D:4      | Killed an ogre
  3741 | D:4      | Gained mutation: You have very sharp fingernails. [demonic
                  | ancestry]
  3741 | D:4      | Reached XP level 6. HP: 8/48 MP: 6/6
  4109 | D:4      | Noticed Menkaure
  4126 | D:5      | Entered Level 5 of the Dungeon
  4146 | D:5      | Reached skill level 1 in Dodging
  4488 | D:5      | Reached skill level 4 in Long Blades
  4652 | D:5      | Found the +3 robe of Folly {Archmagi, MR-- Int+5}
  4706 | D:5      | Reached XP level 7. HP: 41/54 MP: 7/7
  4921 | D:5      | Reached * piety under Okawaru
  5439 | D:5      | Found a blossoming altar of Fedhas.
  5504 | D:6      | Reached skill level 5 in Long Blades
  5603 | D:6      | Found a shadowy altar of Dithmenos.
  5604 | D:6      | Found a snail-covered altar of Cheibriados.
  5605 | D:6      | Found a sacrificial altar of Ru.
  5752 | D:6      | Found a sand-covered staircase.
  5787 | Ossuary  | Entered an ossuary
  5823 | Ossuary  | HP: 1/55 [rat zombie (2)]
  5823 | Ossuary  | Slain by a human zombie

Illustrated notes

Levels and vault maps discovered:
D:1:      dpeg_arrival_windows_large_door, layout_rooms, skrybe_limestone_x
D:2:      layout_basic, hangedman_decor_clover_reticule, minmay_split_cup_large
D:3:      layout_loops_ring, grunt_temple_overflow_order_and_chaos_2
D:4:      layout_loops_ring, minmay_temple_entry_mist, uniq_menkaure
D:5:      layout_rooms, lemuel_doored_altar
D:6:      layout_loops_ring, chequers_temple_overflow_statue_of_worship,
          enter_ossuary_4, minmay_misc_feat_rugged, lemuel_old_faithful
Temple:   jpeg_temple_alley_garden
Ossuary:  ossuary_minmay_tomb_2a

Skill      XL: |  1  2  3  4  5  6  7 |
---------------+----------------------+-----
Shields        | 3 4 |  4.7
Long Blades    | 2 3 4 5 |  5.1
Armour         | 3 4 |  4.4
Fighting       | 4 |  4.4
Dodging        | 1 |  1.9
Stealth        | |  0.7

Action                   |  1- 3 |  4- 6 |  7- 9 || total
-------------------------+-------+-------+-------++-------
Melee: Long sword        |   145 |   184 |   148 ||   477
Invok: Heroism           |       |       |     2 ||     2
  Use: Potion            |     4 |     2 |     3 ||     9
       Scroll            |       |     9 |     1 ||    10
Armor: Scale mail        |    97 |    88 |    49 ||   234
       Plate armour      |       |       |   166 ||   166
Dodge: Dodged            |    60 |    48 |    73 ||   181
Block: Kite shield       |    91 |    97 |   163 ||   351
       Rpst.: Long sword |    18 |    19 |    23 ||    60

Table legend: (Time is in decaauts)
 A = Elapsed time spent in this place.
 B = Non-inter-level travel time spent in this place.
 C = Inter-level travel time spent in this place.
 D = Time resting spent in this place.
 E = Time spent auto-exploring this place.
 F = Levels seen in this place.
 G = Mean time per level.
                   A        B        C        D        E       F      G
               +--------+--------+--------+--------+--------+-----+--------+
         Total |   5981 |   5866 |    115 |    871 |   3494 |   8 |  747.6 |
       Dungeon |   5853 |   5738 |    115 |    871 |   3494 |   6 |  975.5 |
        Temple |     85 |     85 |      0 |      0 |      0 |   1 |   85.0 |
       Ossuary |     41 |     41 |      0 |      0 |      0 |   1 |   41.0 |
               +--------+--------+--------+--------+--------+-----+--------+

Top non-repeatable levels by time:
     D:5: 1398 daAuts
     D:3: 1172 daAuts
     D:2: 1115 daAuts
     D:4: 1040 daAuts
     D:1: 803 daAuts
     D:6: 324 daAuts
  Temple: 85 daAuts
 Ossuary: 41 daAuts
